 Dungeon Crawl Stone Soup version 0.27-a0-907-g9722c47 (webtiles) character file.

Game seed: 3638016712053768997

189 Nithhogg the Skirmisher (level 5, -7/42 HPs)
             Began as a Demonspawn Fighter on Apr 7, 2021.
             Killed by divine providence
             ... invoked by an orc priest
              (16 damage)
             ... on level 4 of the Dungeon.
             The game lasted 00:03:23 (3111 turns).

Nithhogg the Skirmisher (Demonspawn Fighter)        Turns: 3111, Time: 00:03:23

Health: -7/42      AC: 13    Str: 17    XL:     5   Next: 40%
Magic:  5/5        EV:  4    Int: 10    God:
Gold:   53         SH:  9    Dex: 12    Spells: 4/4 levels left

rFire    . . .     SeeInvis .   a - +0 long sword
rCold    . . .     Faith    .   c - +0 kite shield
rNeg     . . .     Spirit   .   k - +0 chain mail
rPois    .         Reflect  .   (no helmet)
rElec    .         Harm     .   (no cloak)
rCorr    .         Rampage  .   (no gloves)
Will     .....                  (no boots)
Stlth    ..........             (no amulet)
HPRegen  0.14/turn              i - +4 ring of protection
MPRegen  0.09/turn              (no ring)

@: no status effects
A: spiny 1, demonic magic 2
a: no special abilities


You were on level 4 of the Dungeon.
You visited 1 branch of the dungeon, and saw 4 of its levels.

You collected 53 gold pieces.

Inventory:

Hand Weapons
 a - a +0 long sword (weapon)
Armour
 b - a +0 scale mail
 c - a +0 kite shield (worn)
 k - a +0 chain mail (worn)
Jewellery
 i - a +4 ring of protection (left hand)
Scrolls
 e - a scroll of holy word {unknown}
 h - a scroll of teleportation
 l - a scroll of brand weapon {unknown}
 o - a scroll of amnesia
 p - a scroll of identify {unknown}
Potions
 d - a potion of might
 f - 3 potions of lignification {unknown}
 g - a potion of invisibility {unknown}
 j - 2 potions of heal wounds {unknown}
 m - a potion of brilliance {unknown}
 n - a potion of resistance {unknown}


   Skills:
 + Level 4.0 Fighting
 + Level 3.0 Long Blades
 + Level 3.6 Armour
 + Level 3.6 Shields


You had 4 spell levels left.
You didn't know any spells.
Your spell library was empty.

Dungeon Overview and Level Annotations

Branches:
Dungeon (4/15)
 Temple: D:4-7

Altars:

Annotations:
D:4 1 runed translucent door


Innate Abilities, Weirdness & Mutations

You are partially covered in sharp spines.
Spells you cast may paralyse nearby enemies.


Message History

The orc priest is lightly wounded.
The orc priest hits you but does no damage.
You block the orc priest's attack.
You closely miss the orc priest.
The orc priest is lightly wounded.
The orc priest hits you but does no damage.
You closely miss the orc priest.
The orc priest is lightly wounded.
The orc priest is struck by your spines.
The orc priest hits you with a +0 morningstar!
The kobold hits you but does no damage.
The orc priest looks satisfied for a moment.
The kobold is struck by your spines. The kobold barely misses you.
You riposte.
You closely miss the kobold.
The kobold is severely wounded.
You hit the kobold.
You kill the kobold!
The orc priest hits you with a +0 morningstar.
You hit the orc priest.
The orc priest is severely wounded.
The orc priest mumbles some strange prayers to Beogh against you.
Beogh smites you!
* * * LOW HITPOINT WARNING * * *
You block the orc priest's attack.
You are too injured to fight recklessly!
You are too injured to fight recklessly!
You are too injured to fight recklessly!
You are too injured to fight recklessly!
You are too injured to fight recklessly!
You are too injured to fight recklessly!
You are too injured to fight recklessly!
You are too injured to fight recklessly!
You hit the orc priest but do no damage.
The orc priest is severely wounded.
You block the orc priest's attack.
You hit the orc priest.
The orc priest is severely wounded.
The orc priest mumbles some strange prayers to Beogh against you.
Beogh smites you!
You die...

#.# #.##........#
####
#.###.##.#..###.#
#...##...........#
##.?..#...รทรท...##.#
......#.###.#####...
..........)<#########
...............#
......).######.#
#......@# ..
#.....)o# ##
....!.#.# ###.###.#
#. #.# # ... >.. ...


You could see an orc priest.

Vanquished Creatures
  A centaur (D:3)
  5 adders
  A worm (D:3)
  A dart slug (D:3)
  3 orcs
  5 endoplasms
  3 giant cockroaches
  6 goblins
  7 hobgoblins
  4 jackals (D:4)
  2 quokkas
  2 ball pythons
  4 kobolds
  6 rats
50 creatures vanquished.

Notes
Turn   | Place    | Note
-------+----------+-------------------------------------------
     0 | D:1      | Nithhogg the Demonspawn Fighter began the quest for the
                  | Orb.
     0 | D:1      | Reached XP level 1. HP: 18/18 MP: 1/1
   258 | D:1      | Gained mutation: Spells you cast may paralyse adjacent
                  | enemies. [demonic ancestry]
   258 | D:1      | Reached XP level 2. HP: 19/24 MP: 2/2
   497 | D:1      | Found a faded altar of an unknown god.
  1193 | D:2      | Gained mutation: You are partially covered in sharp spines.
                  | [demonic ancestry]
  1193 | D:2      | Reached XP level 3. HP: 11/29 MP: 3/3
  1842 | D:3      | Noticed a centaur
  1855 | D:3      | Killed a centaur
  1856 | D:3      | Gained mutation: Spells you cast may paralyse nearby
                  | enemies. [demonic ancestry]
  1856 | D:3      | Reached XP level 4. HP: 7/37 MP: 4/4
  2186 | D:3      | Reached XP level 5. HP: 42/42 MP: 5/5
  3087 | D:4      | Reached skill level 4 in Fighting
  3087 | D:4      | Found a runed translucent door.
  3111 | D:4      | Killed from afar by an orc priest

Illustrated notes

Levels and vault maps discovered:
D:1:      roderic_crop_circles_arrival_small, layout_basic,
          basic_ecumenical_altar, chequers_serial_rivers_small_3,
          serial_bayou_crossing
D:2:      layout_basic, minmay_crystal_water
D:3:      layout_basic, kennysheep_generic_room_8
D:4:      layout_loops_ring, ebering_ghost_sewer_d

Skill      XL: |  1  2  3  4  5 |
---------------+----------------+-----
Long Blades    | 2 3 |  3.0
Shields        | 3 |  3.6
Armour         | 3 |  3.6
Fighting       | 4 |  4.0

Action                   |  1- 3 |  4- 6 || total
-------------------------+-------+-------++-------
Melee: Long sword        |    90 |    52 ||   142
  Use: Scroll            |     2 |       ||     2
Armor: Scale mail        |    20 |       ||    20
       Chain mail        |    41 |    45 ||    86
Dodge: Dodged            |    25 |     7 ||    32
Block: Kite shield       |    48 |    31 ||    79
       Rpst.: Long sword |     6 |     3 ||     9

Table legend: (Time is in decaauts)
 A = Elapsed time spent in this place.
 B = Non-inter-level travel time spent in this place.
 C = Inter-level travel time spent in this place.
 D = Time resting spent in this place.
 E = Time spent auto-exploring this place.
 F = Levels seen in this place.
 G = Mean time per level.
                   A        B        C        D        E       F      G
               +--------+--------+--------+--------+--------+-----+--------+
         Total |   3197 |   3107 |     90 |    446 |   2290 |   4 |  799.2 |
       Dungeon |   3197 |   3107 |     90 |    446 |   2290 |   4 |  799.2 |
               +--------+--------+--------+--------+--------+-----+--------+

Top non-repeatable levels by time:
     D:3: 1126 daAuts
     D:1: 968 daAuts
     D:2: 874 daAuts
     D:4: 228 daAuts
